 Dungeon Crawl Stone Soup version 0.24.0-13-gcf9b3192b9 (webtiles) character file.

Game seed: 14200429236544697881, levelgen mode: deterministic

497 Monsterracer the Chiller (level 7, -6/36 HPs)
             Began as a Tengu Ice Elementalist on Nov 7, 2019.
             Was an Initiate of Ashenzari.
             Mangled by an iguana (13 damage)
             ... on level 4 of the Dungeon.
             The game lasted 00:08:21 (5380 turns).

Monsterracer the Chiller (Tengu Ice Elementalist)   Turns: 5380, Time: 00:08:22

Health: -6/36      AC:  4    Str:  8    XL:     7   Next: 15%
Magic:  4/13       EV: 14    Int: 18    God:    Ashenzari [......]
Gold:   215        SH:  0    Dex: 14    Spells: 1/13 levels left

rFire    . . .     SeeInvis .   m - +0 dagger (drain)
rCold    . . .     Gourm    .   (no shield)
rNeg     . . .     Faith    .   i - +1 leather armour {rPois} (curse)
rPois    +         Spirit   .   (helmet restricted)
rElec    .         Reflect  .   (no cloak)
rCorr    .         Harm     .   (no gloves)
MR       .....                  (boots unavailable)
Stlth    ++........             (no amulet)
HPRegen  0.12/turn              g - ring of wizardry (curse)
MPRegen  0.13/turn              (no ring)

@: flying quickly and evasively, quick
A: beak, talons 3, able to fly
a: Stop Flying, Curse Item, Renounce Religion


You were on level 4 of the Dungeon.
You worshipped Ashenzari.
Ashenzari was noncommittal.
You were hungry.

You visited 2 branches of the dungeon, and saw 5 of its levels.

You collected 215 gold pieces.

Inventory:

Hand Weapons
 m - a +0 dagger of draining (weapon)
   (You took it off a goblin on level 2 of the Dungeon)
 p - a +0 spear
   (You took it off a gnoll on level 3 of the Dungeon)
Armour
 i - a cursed +1 leather armour of poison resistance (worn)
   (You took it off an orc on level 3 of the Dungeon)
Jewellery
 g - a cursed ring of wizardry (left hand)
   (You found it on level 1 of the Dungeon)
Scrolls
 t - 2 scrolls of teleportation {!r}
Potions
 b - a potion of flight {unknown}
 d - a potion of heal wounds
 e - 2 potions of curing
 h - a potion of resistance {unknown}
 k - a potion of ambrosia {unknown}
 n - a potion of magic {unknown}
 z - a potion of brilliance
Comestibles
 c - 5 rations


   Skills:
 - Level 2.1 Dodging
 - Level 2.0 Stealth
 + Level 3.6 Spellcasting
 * Level 5.2 Conjurations
 + Level 0.3 Summonings
 * Level 5.3 Ice Magic


You had one spell level left.
You knew the following spells:

 Your Spells              Type           Power        Failure   Level  Hunger
a - Freeze                Ice            ###.         1%          1    None
c - Ozocubu's Armour      Chrm/Ice       ##......     9%          3    ###....
d - Throw Icicle          Conj/Ice       ###.....     11%         4    ####...
f - Summon Ice Beast      Ice/Summ       ##......     26%         4    ####...

Your spell library contained the following spells:

 Spells                   Type           Power        Failure   Level  Hunger
 Throw Frost              Conj/Ice       ###...       1%          2    ##.....


Dungeon Overview and Level Annotations

Branches:
Dungeon (4/15)             Temple (1/1) D:4

Altars:
Ashenzari
Cheibriados
Elyvilon
Fedhas
Gozag
Hepliaklqana
Kikubaaqudgha
Makhleb
Nemelex Xobeh
Okawaru
Qazlal
Ru
Sif Muna
Trog
Uskayaw
Vehumet
Wu Jian
Yredelemnul
Zin
The Shining One


Innate Abilities, Weirdness & Mutations

You have a beak for a mouth.
You have claws for feet.
You can fly continuously.


Message History

You see here 20 stones.
Casting: Freeze (safe; 1% risk of failure)
Confirm with . or Enter, or press ? or * to list all spells.
Okay, then.
Casting: Freeze (safe; 1% risk of failure)
Confirm with . or Enter, or press ? or * to list all spells.
You don't know that spell.
Casting: Freeze (safe; 1% risk of failure)
Confirm with . or Enter, or press ? or * to list all spells.
A chill wind blows around you. The orc completely misses you.
The orc closely misses your ice beast.
Your ice beast hits the orc but does no damage.
Your ice beast hits the orc but does no damage.
The orc closely misses your ice beast.
Your ice beast hits the orc but does no damage.
The orc barely misses your ice beast.
Your ice beast barely misses the orc.
The orc barely misses your ice beast.
Your ice beast hits the orc.
Your ice beast freezes the orc!
The orc dies!
Your ice beast barely misses the worker ant.
The worker ant barely misses your ice beast.
Your ice beast hits the worker ant.
Your ice beast freezes the worker ant!
The worker ant barely misses your ice beast.
The worker ant bites your ice beast but does no damage.
Your ice beast hits the worker ant.
The worker ant dies!
The quokka skeleton bites your ice beast but does no damage.
Your ice beast hits the quokka skeleton.
Your ice beast freezes the quokka skeleton.
The quokka skeleton resists.
The quokka skeleton bites your ice beast.
Your ice beast closely misses the quokka skeleton.
The quokka skeleton barely misses your ice beast.
What are your orders? t - Shout!
Orders for allies: a - Attack new target. r - Retreat! s - Stop attacking. g - Guard the area. f - Follow me.
Anything else - Cancel.
Gang up on whom?
Press: ? - help, Dir - move target cursor, f - orc warrior
Aim: an orc warrior, wielding a +0 trident and wearing a +0 plate armour Attack!
Your ice beast hits the quokka skeleton.
The quokka skeleton is destroyed!
Your ice beast barely misses the orc warrior.
The orc warrior hits your ice beast with a +0 trident!!
Your ice beast hits the orc warrior but does no damage.
The orc warrior hits your ice beast with a +0 trident!
Your ice beast dies!
Casting: Summon Ice Beast (quite dangerous; 26% risk of failure)
Confirm with . or Enter, or press ? or * to list all spells.
Okay, then.
You start resting.
The orc warrior is too close now for your liking.
Casting: Summon Ice Beast (quite dangerous; 26% risk of failure)
Confirm with . or Enter, or press ? or * to list all spells.
A film of ice covers your body!
Unknown command.
Casting: Ozocubu's Armour (safe; 9% risk of failure)
Confirm with . or Enter, or press ? or * to list all spells.
Aiming: Throw Icicle (safe; 11% risk of failure)
Press: ? - help, Shift-Dir - straight line, f/p - orc warrior
Aim: an orc warrior, wielding a +0 trident and wearing a +0 plate armour The shard of ice hits the orc warrior!
The orc warrior is moderately wounded.
The orc warrior hits you from afar with a +0 trident.
Casting: Throw Icicle (safe; 11% risk of failure)
Confirm with . or Enter, or press ? or * to list all spells.
Aiming: Throw Icicle (safe; 11% risk of failure)
Press: ? - help, Shift-Dir - straight line, f/p - orc warrior
Aim: an orc warrior, wielding a +0 trident and wearing a +0 plate armour (moderately wounded)
The shard of ice hits the orc warrior.
The orc warrior is heavily wounded.
You are feeling hungry.
The orc warrior hits you from afar with a +0 trident.
Casting: Throw Icicle (safe; 11% risk of failure)
Confirm with . or Enter, or press ? or * to list all spells.
You don't have enough magic to cast that spell.
Unknown command.
Your icy armour cracks and falls away as you move.
There is a stone staircase leading up here.
The orc warrior hits you but does no damage.
There is a stone staircase leading up here.
The orc warrior misses you. The iguana bites you.
You fly upwards.
There is a stone staircase leading down here.
Casting: Throw Icicle (safe; 11% risk of failure)
Confirm with . or Enter, or press ? or * to list all spells.
Aiming: Freeze (safe; 1% risk of failure)
Press: ? - help, Shift-Dir - straight line, f - iguana
Aim: an iguana
Okay, then.
The orc warrior closely misses you. The iguana bites you.
You fly downwards.
There is a stone staircase leading up here.
The orc warrior hits you from afar with a +0 trident!
* * * LOW HITPOINT WARNING * * *
The orc warrior misses you. The iguana bites you!
You die...

###........#
#.......^#
#################
#......<)..#
#..........#
#..........#
#..........#
##..........#
###.........@.#
##.........ol..#
#..##..........#
##.###......<...#
##..#
###.########
##..## ##.#
...######.l# ####
#....## #
###.####


You could see an orc warrior and an iguana.

Vanquished Creatures
  A scorpion (D:4)
  A quasit (D:3)
  A hound (D:2)
  An orc priest (D:4)
  An iguana (D:4)
  Jessica (D:3)
  Natasha (thrice) (D:2)
  Robin (D:2)
  4 gnolls (D:3)
  5 adders (D:2 D:3)
  An ooze (D:3)
  3 worms (D:2 D:3)
  A dart slug (D:2)
  2 leopard geckos (D:2)
  6 orcs (D:3 D:4)
  7 giant cockroaches (D:1 D:2 D:3 D:4)
  16 goblins (D:1 D:2 D:3)
  17 hobgoblins (D:1 D:2 D:3)
  2 jackals (D:3)
  A quokka (D:4)
  2 ball pythons (D:1 D:3)
  6 bats (D:1 D:2 D:3)
  3 frilled lizards (D:1 D:2 D:3)
  8 kobolds (D:1 D:2 D:3)
  13 rats (D:1 D:2 D:3)
107 creatures vanquished.

Vanquished Creatures (collateral kills)
  A worker ant (D:4)
  An orc (D:4)
  A quokka skeleton (D:4)
3 creatures vanquished.

Grand Total: 110 creatures vanquished

Notes
Turn   | Place    | Note
-------+----------+-------------------------------------------
     0 | D:1      | Monsterracer the Tengu Ice Elementalist began the quest for
                  | the Orb.
     0 | D:1      | Reached XP level 1. HP: 10/10 MP: 4/4
   148 | D:1      | HP: 5/10 [hobgoblin (3)]
   149 | D:1      | Reached XP level 2. HP: 8/15 MP: 0/6
   477 | D:1      | HP: 7/15 [bat (1)]
   814 | D:1      | Reached XP level 3. HP: 19/19 MP: 5/7
   819 | D:1      | Learned a level 3 spell: Ozocubu's Armour
  1228 | D:2      | Noticed Robin
  1315 | D:2      | HP: 8/19 [Robin/cursed +0 short sword (4)]
  1327 | D:2      | Killed Robin
  1564 | D:2      | Reached XP level 4. HP: 24/24 MP: 9/9
  1570 | D:2      | Learned a level 4 spell: Throw Icicle
  1571 | D:2      | Found a burning altar of Makhleb.
  1944 | D:2      | Gained mutation: You can fly continuously. [Tengu growth]
  1944 | D:2      | Reached XP level 5. HP: 25/28 MP: 8/10
  2039 | D:2      | Found a glowing golden altar of the Shining One.
  2195 | D:2      | Noticed Natasha
  2198 | D:2      | HP: 10/28 [Natasha (10)]
  2203 | D:2      | Killed Natasha
  2419 | D:2      | Noticed Natasha
  2423 | D:2      | Killed Natasha
  2431 | D:2      | Noticed Natasha
  2439 | D:2      | Killed Natasha
  2643 | D:3      | Reached XP level 6. HP: 25/32 MP: 6/11
  3238 | D:3      | HP: 16/32 [gnoll/+0 club (4)]
  3268 | D:3      | HP: 3/32 [gnoll/+0 spear (9)]
  3777 | D:3      | Noticed Jessica
  3789 | D:3      | HP: 5/32 [Jessica/nerve-wracking pain (13)]
  3791 | D:3      | Killed Jessica
  3791 | D:3      | Reached skill level 5 in Ice Magic
  4317 | D:3      | Found a radiant altar of Vehumet.
  4745 | D:4      | Found a staircase to the Ecumenical Temple.
  4752 | Temple   | Entered the Ecumenical Temple
  4952 | Temple   | Became a worshipper of Ashenzari the Shackled
  5188 | D:4      | Reached skill level 5 in Conjurations
  5188 | D:4      | Reached XP level 7. HP: 36/36 MP: 8/13
  5194 | D:4      | Learned a level 4 spell: Summon Ice Beast
  5378 | D:4      | HP: 7/36 [orc warrior/+0 trident (15)]
  5380 | D:4      | Mangled by an iguana

Levels and vault maps discovered:
D:1:      minmay_arrival_split_and_join, layout_rooms, minmay_close_crescents
D:2:      layout_rooms, makhleb_blood_cavern_becter, first_ration, tso_altar,
          uniq_natasha, uniq_robin
D:3:      layout_loops_corners, nicolae_overflow_hidden_temple, uniq_jessica
D:4:      minmay_wonky_spiral, layout_rooms, minmay_temple_entry_fiery
Temple:   eino_narrow_crystal_temple

Skill      XL: |  1  2  3  4  5  6 |
---------------+-------------------+-----
Ice Magic      | 3 4 5 |  5.3
Conjurations   | 2 3 5 |  5.2
Spellcasting   | 3 |  3.6
Dodging        | |  2.1
Stealth        | |  2.0
Summonings     | |  0.3

Action                   |  1- 3 |  4- 6 |  7- 9 || total
-------------------------+-------+-------+-------++-------
Melee: Unarmed           |    18 |       |       ||    18
       Peck              |     7 |       |       ||     7
       Kick              |     3 |     3 |       ||     6
       Dagger            |     1 |    25 |       ||    26
 Cast: Freeze            |    62 |   102 |     4 ||   168
       Ozocubu's Armour  |       |     2 |     1 ||     3
       Throw Icicle      |       |     4 |     2 ||     6
       Summon Ice Beast  |       |       |     1 ||     1
Invok: Curse Item        |       |     2 |       ||     2
 Abil: Fly               |       |     1 |       ||     1
  Use: Scroll            |       |     6 |       ||     6
 Stab: Sleeping          |     1 |    12 |       ||    13
  Eat: Chunk             |     3 |    11 |     1 ||    15
Armor: Robe              |     8 |     7 |       ||    15
       Leather armour    |       |     1 |     1 ||     2
Dodge: Dodged            |    37 |    69 |     7 ||   113
